 Dungeon Crawl Stone Soup version 0.23.2-40-g277498a (webtiles) character file.

Game seed: 10828215921392206520

27 Fang the Skirmisher (level 3, -2/34 HPs)
             Began as a Gargoyle Berserker on Sept 4, 2019.
             Was a Follower of Trog.
             Slain by a quokka (4 damage)
             ... on level 2 of the Dungeon.
             The game lasted 00:01:02 (1193 turns).

Fang the Skirmisher (Gargoyle Berserker)            Turns: 1193, Time: 00:01:03

Health: -2/34      AC:  5    Str: 26    XL:     3   Next: 10%
Magic:  3/3        EV: 12    Int:  7    God:    Trog [*.....]
Gold:   37         SH:  0    Dex:  9    Spells: 2/2 levels left

rFire    . . .     SeeInvis .   a - +0 hand axe
rCold    . . .     Gourm    .   (no shield)
rNeg     + . .     Faith    .   b - +0 animal skin
rPois    ∞         Spirit   .   (no helmet)
rElec    +         Reflect  .   (no cloak)
rCorr    .         Harm     .   (no gloves)
MR       .....                  (no boots)
Stlth    ..........             (no amulet)
HPRegen  0.11/turn              (no ring)
MPRegen  0.08/turn              (no ring)

@: berserking, very quick
A: negative energy resistance 1, electricity resistance, unbreathing,
petrification resistance, rot immunity, AC +3
a: Berserk, Renounce Religion


You were on level 2 of the Dungeon.
You worshipped Trog.
Trog was aware of your devotion.
You were very hungry.

You visited 1 branch of the dungeon, and saw 2 of its levels.

You collected 37 gold pieces.

Inventory:

Hand Weapons
 a - a +0 hand axe (weapon)
Armour
 b - a +0 animal skin (worn)
Jewellery
 j - an uncursed ring of protection from magic {unknown}
Scrolls
 d - 3 scrolls of identify {unknown}
 e - a scroll of teleportation {unknown}
 h - a scroll of remove curse {unknown}
 i - a scroll of amnesia {unknown}
Potions
 g - a potion of agility {unknown}
Comestibles
 c - 2 rations


   Skills:
 + Level 3.6 Fighting
 + Level 3.0 Axes
 + Level 2.7 Armour
 + Level 2.0 Dodging


You had 2 spell levels left.
You didn't know any spells.
Your spell library was empty.

Dungeon Overview and Level Annotations

Branches:
Dungeon (2/15)

Altars:
Xom


Innate Abilities, Weirdness & Mutations

You are resistant to torment.
Your stone body is resilient. (AC +3)
You are immune to poison.
You resist negative energy. (rN+)
You are resistant to electric shocks. (rElec)
You can survive without breathing.
You are immune to petrification.
You are immune to rotting.


Message History

You slash the worm!
You kill the worm!
Trog accepts your kill.
Your Dodging skill increases to level 2!
You hit the plant but do no damage. You miss the quokka. You miss the adder.
You closely miss the quokka. You hit the plant but do no damage.
The quokka misses you. The adder bites you but does no damage.
You barely miss the adder. You slash the plant! You barely miss the quokka.
The adder misses you. The quokka closely misses you.
You closely miss the adder. You hit the plant. You miss the quokka.
The adder closely misses you.
The quokka bites you but does no damage.
You barely miss the adder. You hit the plant but do no damage.
You hit the quokka. The adder bites you.
* * * LOW HITPOINT WARNING * * *
The quokka completely misses you.
You barely miss the adder. You hit the plant. You barely miss the quokka.
The adder bites you but does no damage. The quokka bites you.
You die...

P. P♣♣ P ♣ .§# .§P
P.. .......♣..♣♣
_...#..P♣.P.♣♣.
........♣..P...
#...♣..♣..♣$♣ #.
♣...r†.♣♣..P♣ .
♣S@.P♣PP.. .####
♣♣P..♣.P.♣ ....
♣.P.♣♣♣P♣###.#
♣.♣.P♣♣..##..####.
♣♣♣.P..#..........
♣...####...####.
##### #...<#
###>.# ....#


You could see an adder and a quokka.

Vanquished Creatures
  A worm (D:2)
  2 leopard geckos (D:1)
  A giant cockroach (D:1)
  2 goblins (D:1)
  A hobgoblin (D:1)
  3 jackals (D:2)
  4 kobolds
  A quokka (D:2)
  A bat (D:1)
  3 frilled lizards
  2 rats (D:1)
21 creatures vanquished.

Notes
Turn   | Place    | Note
-------+----------+-------------------------------------------
     0 | D:1      | Fang the Gargoyle Berserker began the quest for the Orb.
     0 | D:1      | Reached XP level 1. HP: 14/14 MP: 1/1
   333 | D:1      | Reached XP level 2. HP: 19/19 MP: 2/2
  1179 | D:2      | Found a shimmering altar of Xom.
  1187 | D:2      | Reached XP level 3. HP: 9/23 MP: 3/3
  1193 | D:2      | Slain by a quokka

Skill      XL: |  1  2  3 |
---------------+----------+-----
Axes           | 3 |  3.0
Dodging        | 2 |  2.0
Fighting       | |  3.6
Armour         | |  2.7

Action                   || total
-------------------------++-------
Melee: Hand axe          ||    76
Invok: Berserk           ||     2
  Eat: Chunk             ||     1
Armor: Animal skin       ||    28
Dodge: Dodged            ||    52
